[Event "MČR v bleskovém šachu družstev 2019"]
[Site "Teplice, Czech Republic"]
[Date "2019.09.14"]
[Round "4.2"]
[White "Sokolov, Alexander"]
[Black "Polak, Tomas"]
[Result "1/2-1/2"]
[TimeControl "3 mim. + 2 s"]
[WhiteTitle "FM"]
[BlackTitle "GM"]
[WhiteFideId "4119177"]
[BlackFideId "300560"]
[WhiteElo "2417"]
[BlackElo "2510"]

1. e4 e5 2. f4 d5 3. exd5 c6 4. Nc3 exf4 5. Nf3 Bd6 6. d4 Ne7 7. Bd3 O-O 8. O-O Nxd5 9. Nxd5 cxd5 10. Ne5 Nc6 11. Bxf4 Nb4 12. c3 Nxd3 13. Nxd3 Be6 14.
Qh5 Qd7 15. Bxd6 Qxd6 16. Rf4 f6 17.
Rh4 h6 18. Rf4 Bf7 19. Qg4 Qe6 20.
Qg3 Rae8 21. Raf1 Qe3+ 22. Qxe3 Rxe3 23. R4f3 Rfe8 24. Rxe3 Rxe3 25. Nc1 Kf8 26. Kf2 Re6 27. Re1 Rb6 28. Re2 Bh5 29. Rd2 Bg6 30. Ne2 Ke7 31. Nf4 Be4 32. Ke3 g5 33. Ne2 Kd6 34. Ng3 Bg6 35. Rf2 Kd7 36.
b3 Rc6 37. Kd2 Ke6 38. Re2+ Kf7 39. Rf2 Ke6 40. Nf1 Be4 41. Ng3 Bg6 42. Nf1 Bb1 43. a4 f5 44. Ne3 Be4 45. g3 Rb6 46. b4 Rc6 47. Rf1 a5 48. b5 Rc7 49. Rf2 Rf7 50. c4 dxc4 51. Nxc4 Kd5 52. Nxa5 Kxd4 53. Rf1 Rc7 54.
Nb3+ Kd5 55. Rc1 Rxc1 56. Nxc1 Kc4 57. Ne2 Kb4 58. Nc3 Bg2 59. Kd3 b6 60.
Kd4 Bb7 61. Kd3 f4 62. gxf4 gxf4 63. Ne2 f3 64. Nd4 Kxa4 65.
Nf5 f2 66. Ke2 Kxb5 67. Nxh6 Bc8 68.
Nf7 Kc5 69. Ne5 Kd4 70. Nc6+ Kc5 71. Na7 Bd7 72. Kxf2 Kd6 73. h4 Kc7 74. h5 Kb7 75. h6 Bf5 76. Nb5 Bh7 77.
Ke3 1/2-1/2

[Event "MČR v bleskovém šachu družstev 2019"]
[Site "Teplice, Czech Republic"]
[Date "2019.09.14"]
[Round "4.3"]
[White "Stocek, Jiri"]
[Black "Dolezal, Radoslav"]
[Result "1/2-1/2"]
[TimeControl "3 mim. + 2 s"]
[WhiteTitle "GM"]
[BlackTitle "IM"]
[WhiteFideId "304760"]
[BlackFideId "304735"]
[WhiteElo "2505"]
[BlackElo "2359"]

1. c4 c6 2. Nf3 d5 3.
g3 Nf6 4. Bg2 Bf5 5. Qb3 Qb6 6. d3 e6 7. Be3 Qxb3 8. axb3 a6 9. Nc3 h6 10. cxd5 exd5 11. Ne5 Nbd7 12. Nxd7 Nxd7 13.
O-O Be7 14. Bd4 O-O 15. e4 dxe4 16. dxe4 Be6 17. Rfd1 Rad8 18. Ne2 Bxb3 19. Rdc1 Nf6 20. Bb6 Rd2 21. Nd4 Rxb2 22. Ba5 Be6 23. Bc3 Rb6 24. Ba5 Rb2 25.
Bc3 Rb6 1/2-1/2

[Event "MČR v bleskovém šachu družstev 2019"]
[Site "Teplice, Czech Republic"]
[Date "2019.09.14"]
[Round "4.4"]
[White "Postupa, Pavel"]
[Black "Vymazal, Bronislav"]
[Result "0-1"]
[TimeControl "3 mim. + 2 s"]
[WhiteFideId "326410"]
[BlackFideId "318396"]
[WhiteElo "2184"]
[BlackElo "2309"]

1. e4 b6 2. d4 Bb7 3. Bd3 Nf6 4. Qe2 Nc6 5. c3 e5 6. d5 Ne7 7. Nd2 Ng6 8. Nf1 c6 9. dxc6 Bxc6 10. Ng3 d5 11.
Bg5 Be7 12. Bxf6 Bxf6 13. exd5 Nf4 14. Qf1 Qxd5 15. Be4 Qc5 16. Bxc6+ Qxc6 17. Nf3 Rd8 18. Rd1 O-O 19. Nf5 Qe4+ 20.
Ne3 Rxd1+ 21. Kxd1 Qb1+ 22. Kd2 Rd8+ 23. Nd4 Qxb2+ 24. Nec2 exd4 25. c4 d3 26. Ke1 0-1

[Event "MČR v bleskovém šachu družstev 2019"]
[Site "Teplice, Czech Republic"]
[Date "2019.09.14"]
[Round "4.5"]
[White "Novotny, Michal"]
[Black "Liska, Jiri"]
[Result "1-0"]
[TimeControl "3 mim. + 2 s"]
[WhiteTitle "FM"]
[BlackTitle "FM"]
[WhiteFideId "310980"]
[WhiteElo "2299"]
[BlackElo "2241"]

1. d4 Nf6 2. Nf3 g6 3.
Nc3 d5 4. Bf4 Bg7 5. e3 O-O 6. Be2 c5 7. Ne5 cxd4 8. exd4 Nc6 9. O-O Bf5 10. Nxc6 bxc6 11. Qd2 Ne4 12. Nxe4 Bxe4 13.
c3 Qb6 14. b4 a5 15. a3 Rfe8 16. Rfe1 e5 17. Be3 Qc7 18. Bf1 h5 19. h3 Bf5 20. Rac1 Qd6 21. b5 cxb5 22. Bxb5 Reb8 23.
a4 Bd7 24. dxe5 Bxe5 25. Bxd7 Qxd7 26. Bd4 Bc7 27. Qh6 f5 28. Qh8+ 1-0

[Event "MČR v bleskovém šachu družstev 2019"]
[Site "Teplice, Czech Republic"]
[Date "2019.09.14"]
[Round "4.6"]
[White "Vltavsky, Vladimir"]
[Black "Rolinek, Dominik"]
[Result "1/2-1/2"]
[TimeControl "3 mim. + 2 s"]
[BlackFideId "384569"]
[WhiteElo "2252"]
[BlackElo "1885"]

1. e4 d6 2. d4 Nf6 3. Nc3 e5 4. Nf3 Nbd7 5. h3 Be7 6. Bc4 O-O 7. a4 a5 8. O-O c6 9. Be3 Nb6 10. Bb3 Nfd7 11.
Qd2 exd4 12. Nxd4 Nc5 13. Ba2 Nbxa4 14. Nxa4 Nxa4 15. Bxf7+ Rxf7 16. Rxa4 Qc7 17. Bf4 b5 18. Raa1 Bb7 19. Nf5 Rd8 20. Rxa5 Bc8 21.
Ng3 Rxf4 22. Qxf4 Qxa5 23. Rd1 Rf8 24. Qe3 Qc7 25. Qb3+ Kh8 26. Qe3 Be6 27. b3 d5 28. Re1 Bh4 29.
exd5 Bxd5 30. Kh2 Kg8 31. Qd3 Qf4 32. Re2 Bxg3+ 33. fxg3 Qf1 34. Qe3 Qf6 35. h4 Kf7 36. Rf2 Qxf2 37. Qxf2+ Kg8 38. Qe3 h6 39. g4 Kf7 40. g5 hxg5 41. hxg5 Rh8+ 42. Kg3 Re8 43. Qd3 Re5 44. Kf4 Re4+ 45.
Qxe4 Bxe4 46. Kxe4 Ke6 47. g4 g6 48. b4 Kd6 49. Kd4 Kc7 50. Kc5 Kd7 51. c3 Kc7 52. Kd4 Kd6 53. Ke4 Ke6 54. Kd4 Kd6 55. c4 bxc4 56. Kxc4 Kd7 57. Kd4 Kd6 58. Kc4 Kd7 59. Kc5 Kc7 60. Kd4 Kd6 61. Kc4
Kd7 62. Kd4 Kd6 63. Ke4 Ke6 64. Kd4 Kd6 65. Kc4 Kd7 66. Kc5 Kc7 67. Kd4 Kd6 1/2-1/2

[Event "MČR v bleskovém šachu družstev 2019"]
[Site "Teplice, Czech Republic"]
[Date "2019.09.14"]
[Round "4.7"]
[White "Richtr, Zdenek"]
[Black "Marsalek, Zdenek"]
[Result "0-1"]
[TimeControl "3 mim. + 2 s"]
[WhiteFideId "301248"]
[WhiteElo "2138"]
[BlackElo "2272"]

1. e4 d6 2. d4 Nf6 3.
Nc3 e5 4. Nf3 Nbd7 5. g3 Be7 6. Bg2 O-O 7. O-O c6 8. h3 b5 9. Be3 b4 10. dxe5 dxe5 11. Ne2 Ba6 12. Nd2 Bc5 13. Bxc5 Nxc5 14.
Re1 Qb6 15. Qc1 Rad8 16. a3 bxa3 17. Rxa3 Rd7 18. Nc3 Rfd8 19. Nb3 Bc4 20. Nd2 Rxd2 21. b3 Nxb3 22. cxb3 Qxf2+ 0-1

[Event "MČR v bleskovém šachu družstev 2019"]
[Site "Teplice, Czech Republic"]
[Date "2019.09.14"]
[Round "4.8"]
[White "Duran, Tomas"]
[Black "Hosnedl, Matyas"]
[Result "1-0"]
[TimeControl "3 mim. + 2 s"]
[BlackFideId "390011"]
[WhiteElo "2135"]
[BlackElo "1852"]

1. e4 e6 2. d4 d5 3. e5 c5 4. c3 Nc6 5. Nf3 Bd7 6. Bd3 cxd4 7. cxd4 Qb6 8.
O-O Nxd4 9. Nxd4 Qxd4 10. Nc3 a6 11. Qf3 Ne7 12. Rd1 Qxe5 13. Bf4 Qf6 14. Qg3 Nf5 15. Qg4 h5 16. Qf3 Bc5 17. Bxf5 Qxf5 18. Nxd5 exd5 19.
Rxd5 Bxf2+ 20. Kxf2 Qc2+ 21. Rd2 Qc5+ 22. Be3 Qf5 23. Re1 Qxf3+ 24. gxf3 Be6 25. Bc5 Rc8 26. b4 Rd8 27. Red1 Rxd2+ 28. Rxd2 f6 29. a4 Kf7 30. Rd6 Re8 31. h4 b5 32.
Rxa6 bxa4 33. Rxa4 Bc4 34. Ra7+ Kg6 35. Kg3 Re2 36. Bf8 Kf5 37. Bxg7 Rb2 38. Ra5+ Kg6 39. Bf8 Rb3 40. Ra7 Bd5 41. Kf2 Rxf3+ 42. Ke2 Rh3 43. Rg7+ Kf5 44. b5 Bc4+ 45. Kf2 Bxb5 46. Be7 Rxh4 47. Rf7 Rf4+ 48. Kg3 Ke6 49. Rh7 Rf5 50. Bd8 Be2 51. Re7+ Kd5 52. Rxe2 Re5 53.
Rd2+ Ke6 54. Rf2 f5 55. Bg5 Ra5 56. Kh4 Ra3 57. Kxh5 Rh3+ 58. Kg6 Rg3 59. Rxf5 Rg1 60. Rf2 Rg3 61. Re2+ Kd5 62. Kf5 Rf3 63.
Bf4 Rf1 64. Rd2+ Kc6 65. Ke4 Re1+ 66. Be3 Ra1 67. Rc2+ Kd6 68. Rb2 Ra4+ 69. Bd4 Ke6 70.
Rb6+ Kd7 71. Kd5 Kc7 72.
Rb2 Kd7 73. Bc5 Rh4 74. Rb7+ Kc8 75. Rg7 Rh5+ 76. Kc6 Rh8 77. Bd6 Kd8 78. Ra7 1-0

[Event "MČR v bleskovém šachu družstev 2019"]
[Site "Teplice, Czech Republic"]
[Date "2019.09.14"]
[Round "4.9"]
[White "Formanek, Martin"]
[Black "Vykouk, Jan"]
[Result "1/2-1/2"]
[TimeControl "3 mim. + 2 s"]
[BlackTitle "IM"]
[WhiteFideId "316768"]
[WhiteElo "2230"]
[BlackElo "2439"]

1. e4 c5 2. Nf3 Nc6 3. Bb5 g6 4. O-O Bg7 5. Re1 Nf6 6. Bxc6 dxc6 7. h3 O-O 8. d3 Ne8 9. a4 e5 10.
a5 Nc7 11. Be3 Ne6 12. Nbd2 Qe7 13. Nc4 Nd4 14. c3 Nxf3+ 15. Qxf3 Be6 16. Rad1 Rad8 17. Qg3 Bxc4 18. dxc4 b6 19.
axb6 axb6 20. Qf3 Qe6 21. Qe2 f5 22. f3 f4 23. Bf2 g5 24. b4 cxb4 25. cxb4 Rb8 26. c5 bxc5 27. bxc5 Rfd8 28. Rxd8+ Rxd8 29. Rd1 Rd7 30. Rxd7 Qxd7 31. Qc4+ Kh8 32. Qb3 h6 33.
Kh2 Kh7 34. Bg1 Kg6 35. Qg8 h5 36. Bf2 Qf7 37. Qc8 Qf6 38. Qd7 Bf8 39. Kg1 Be7 40. Kh2 Kf7 41. Kg1 Qe6 42. Qxe6+ Kxe6 43.
Kf1 Kf6 44. Ke2 Kg6 45. Bg1 g4 46.
hxg4 hxg4 47. fxg4 Kg5 48. Kf3 Kg6 49. g3 fxg3 50. Kxg3 Bf6 51. Be3 Bg7 52.
Kf3 Bf6 53. Ke2 Bg7 54. Kd3 Bf6 55. Kc4 Bd8 56. Bd2 Bc7 57.
Kb4 Bd8 58. Ka4 Bc7 59. Ba5 Bb8 60. Bd8 Ba7 61. Be7 Kf7 62. Bd6 Kf6 63. Ka5 Kg5 64. Ka6 Bxc5 65. Bxc5 Kxg4 66. Kb6 Kf3 1/2-1/2

[Event "MČR v bleskovém šachu družstev 2019"]
[Site "Teplice, Czech Republic"]
[Date "2019.09.14"]
[Round "4.10"]
[White "Studnicka, Tomas"]
[Black "Kopta, Pavel"]
[Result "1/2-1/2"]
[TimeControl "3 mim. + 2 s"]
[WhiteTitle "IM"]
[BlackTitle "FM"]
[BlackFideId "309109"]
[WhiteElo "2215"]
[BlackElo "2234"]

1. d4 Nf6 2. Nf3 d5 3. Bf4 c5 4. e3 Nc6 5. c3 e6 6.
Nbd2 Bd6 7. Bg3 O-O 8. Bd3 b6 9. e4 dxe4 10.
Nxe4 Nxe4 11. Bxe4 Bb7 12. Qa4 Qc7 13. dxc5 bxc5 14. Bxh7+ Kxh7 15. Qh4+ Kg8 16. Ng5 Rfe8 17. O-O Rad8 18.
Qh7+ Kf8 19. Bh4 Be5 20.
f4 Bf6 21. Qh5 Rd2 22. Nh7+ Ke7 23. Nxf6 gxf6 24. Bxf6+ Kd7 25. Qxf7+ Ne7 26. Rad1 Qd6 27. Rxd2 Qxd2 28. Rf2 Qe1+ 29. Rf1 Qe3+ 30. Rf2 Qe1+ 1/2-1/2

[Event "MČR v bleskovém šachu družstev 2019"]
[Site "Teplice, Czech Republic"]
[Date "2019.09.14"]
[Round "4.11"]
[White "Chmel, Kristian"]
[Black "Cech, Pavel"]
[Result "0-1"]
[TimeControl "3 mim. + 2 s"]
[BlackTitle "IM"]
[WhiteFideId "344281"]
[WhiteElo "2097"]
[BlackElo "2387"]

1. e4 Nf6 2. e5 Ne4 3. d3 Nc5 4. Nc3 d5 5. d4 Ne6 6. f4 g6 7. Nf3 c5 8. dxc5 d4 9. Ne4 Nc6 10.
Bc4 Nxc5 11. Nxc5 Qa5+ 12. Bd2 Qxc5 13. Qe2 Bg7 14. O-O-O O-O 15. h4 Bf5 16. h5 Bxc2 17. Ne1 d3 18.
Qe4 b5 19. b3 Qa3# 0-1

[Event "MČR v bleskovém šachu družstev 2019"]
[Site "Teplice, Czech Republic"]
[Date "2019.09.14"]
[Round "4.12"]
[White "Sodoma, Jan"]
[Black "Routner, Jakub"]
[Result "1-0"]
[TimeControl "3 mim. + 2 s"]
[WhiteTitle "IM"]
[BlackFideId "322245"]
[WhiteElo "2193"]
[BlackElo "2138"]

1. Nf3 c5 2. c4 Nc6 3. g3 Nf6 4. Bg2 d5 5. cxd5 Nxd5 6. d4 e6 7. O-O Be7 8. dxc5 Bxc5 9. Qc2 Bb6 10.
Rd1 Qe7 11. e4 Ndb4 12. Qe2 O-O 13. a3 Na6 14. b4 Nc7 15. Bb2 a6 16. Nc3 Na7 17. Na4 1-0

[Event "MČR v bleskovém šachu družstev 2019"]
[Site "Teplice, Czech Republic"]
[Date "2019.09.14"]
[Round "4.13"]
[White "Sprenar, Petr"]
[Black "Rubes, Jan"]
[Result "0-1"]
[TimeControl "3 mim. + 2 s"]
[BlackTitle "FM"]
[WhiteFideId "397164"]
[BlackFideId "338176"]
[WhiteElo "2173"]
[BlackElo "2316"]

1. d4 Nf6 2. Nf3 e6 3. c4 c5 4. g3 cxd4 5. Nxd4 a6 6. Bg2 Qc7 7. O-O Be7 8. Nc3 O-O 9. b3 d5 10.
Bb2 dxc4 11. Rc1 e5 12. Nf3 Nc6 13. bxc4 Qa5 14. Nd5 Nxd5 15. cxd5 Qxa2 16. Bc3 Nd4 17. Nxd4 exd4 18. Bxd4 Bg4 19. Re1 Rad8 20. h3 Bh5 21.
g4 Bg6 22. Rc7 Bb4 23. Rf1 Rfe8 24.
Bf3 b5 25. Qa1 Rxe2 26. Bxe2 Qxe2 27. Bxg7 Bd6 28. Bh8 Bf8 29. Re1 Qf3 30. Bf6 Qxh3 31.
Qd4 Ra8 32. d6 b4 33. d7 b3 34.
d8=Q Rxd8 35. Bxd8 b2 36. Re8 b1=Q+ 0-1

[Event "MČR v bleskovém šachu družstev 2019"]
[Site "Teplice, Czech Republic"]
[Date "2019.09.14"]
[Round "4.15"]
[White "Spicka, Jan"]
[Black "Kral, David"]
[Result "0-1"]
[TimeControl "3 mim. + 2 s"]
[WhiteFideId "366781"]
[BlackFideId "326097"]
[WhiteElo "1930"]
[BlackElo "2028"]

1. e4 c5 2. Nf3 Nc6 3. d4 cxd4 4. Nxd4 Nf6 5. Nc3 g6 6. Be3 Bg7 7. Qd2 O-O 8. O-O-O a6 9. f3 d6 10. g4 Qc7 11. h4 b5 12. h5 b4 13. Nb1 a5 14. hxg6 fxg6 15. Bc4+ Kh8 16. g5 Nh5 17. Bd5 Bd7 18. Bxc6 Bxc6 19. Ne6 Qb7 20. Nxf8 Rxf8 21. Rdf1 Ng3 22. Qh2 Nxh1 23. Rxh1 h5 24. gxh6 Be5 25. Qg2 Kh7 26. Nd2 a4 27. Rg1 Rg8 28. Nc4 Bf6 29. Nd2 Qc7 30. f4 b3 31. axb3 axb3 32. Nxb3 Ba4 33. f5 g5 34. c3 Bxb3 35. Qd2 Qa5 36. Qf2 Qa1+ 37. Kd2 Qxb2+ 38.
Kd3 Qxc3+ 39. Ke2 Bc4+ 40.
Kf3 Qe5 41. Qc2 d5 42. exd5 Bxd5+ 43. Ke2 Be4 44. Qd2 Qb5+ 45. Kf2 Qd3 46. Qxd3 Bxd3 47. Rd1
Bxf5 48. Rh1 g4 49. Kg3 Be5+ 50. Kf2 g3+ 51. Kf1 g2+ 52. Kxg2 0-1

[Event "MČR v bleskovém šachu družstev 2019"]
[Site "Teplice, Czech Republic"]
[Date "2019.09.14"]
[Round "4.16"]
[White "Krutsky, Martin"]
[Black "Srba, Stanislav"]
[Result "1-0"]
[TimeControl "3 mim. + 2 s"]
[WhiteFideId "361526"]
[BlackFideId "364720"]
[WhiteElo "1974"]
[BlackElo "1883"]

1. e4 e6 2. d4 d5 3. e5 c5 4. c3 Nc6 5. Nf3 c4 6. g3 b5 7.
Bg2 b4 8. O-O bxc3 9. bxc3 Rb8 10. Ba3 Be7 11. Bxe7 Ngxe7 12. Qc2 O-O 13. Nbd2 Bd7 14. Nh4 Ng6 15. Nxg6 hxg6 16. h4 Ne7 17.
Nf3 f6 18. Bh3 Rb6 19. Rab1 Qc7 20. Rxb6 axb6 21. Rb1 Ra8 22.
Rb2 b5 23. Qb1 Ra3 24. Qc2 Nf5 25. Nd2 Qa5 26. Nb1 Ra4 27. Kg2 b4 28. cxb4
Rxb4 29. exf6 gxf6 30. Qd2 Nxh4+ 31. gxh4 Rxb2 32. Qxa5 Rxb1 33.
Qd8+ Kh7 34. Qxd7+ 1-0

[Event "MČR v bleskovém šachu družstev 2019"]
[Site "Teplice, Czech Republic"]
[Date "2019.09.14"]
[Round "4.17"]
[White "Horky, Pavel"]
[Black "Istona, Martin"]
[Result "0-1"]
[TimeControl "3 mim. + 2 s"]
[BlackTitle "FM"]
[WhiteFideId "388580"]
[BlackFideId "14923475"]
[WhiteElo "2018"]
[BlackElo "2078"]

1. e4 c5 2. Nc3 g6 3. g3 Bg7 4. Bg2 Nc6 5. Nf3 d6 6. O-O Rb8 7. a4 a6 8.
d3 b5 9.
axb5 axb5 10. Re1 b4 11. Nd5 e6 12. Ne3 Nge7 13. Nc4 O-O 14. e5 d5 15. Ncd2 Qc7 16. Qe2 Nf5 17. Nb3 Ncd4 18.
Nbxd4 Nxd4 19. Nxd4 cxd4 20. Qd1 b3 21. cxb3 Qb6 22. Ra3 Bd7 23. Bd2 Rfc8 24. b4 Bf8 25. Ra2 Bxb4 26. Bxb4 Qxb4 27. Qe2 Qb3 28. Ra3 Qxb2 29. Ra7 Qxe2 30. Rxe2 Rb1+ 31. Bf1 Bb5 32.
Rd2 Rcc1 33. Kg2 Rxf1 34. Rda2 Bxd3 35. Rd7 g5 36.
Raa7 Rg1+ 37. Kf3 Bg6 38. h4 Bh5+ 39. g4 Bxg4# 0-1

[Event "MČR v bleskovém šachu družstev 2019"]
[Site "Teplice, Czech Republic"]
[Date "2019.09.14"]
[Round "4.18"]
[White "Markovic, Milan"]
[Black "Bohdal, Jan"]
[Result "0-1"]
[TimeControl "3 mim. + 2 s"]
[WhiteFideId "305103"]
[BlackFideId "14909766"]
[WhiteElo "2113"]
[BlackElo "1879"]

1. e4 d5 2. exd5 Nf6 3.
d4 Nxd5 4. Be2 Nc6 5. c4 Nf6 6. d5 Nb8 7. Nc3 e6 8. Bg5 Be7 9.
h4 exd5 10. cxd5 h6 11. Be3 O-O 12. Qd2 c6 13. dxc6 Qxd2+ 14. Bxd2 Nxc6 15. Nf3 Bf5 16. O-O Rad8 17. Be3 Bb4 18. Rac1 Ng4 19. Bf4 Bd6 20. Bxd6 Rxd6 21.
Nb5 Re6 22. Bc4 Re7 23. Nfd4 Nxd4 24. Nxd4 Bg6 0-1

[Event "MČR v bleskovém šachu družstev 2019"]
[Site "Teplice, Czech Republic"]
[Date "2019.09.14"]
[Round "4.19"]
[White "Pechanek, Krystof"]
[Black "Srba, Milan"]
[Result "0-1"]
[TimeControl "3 mim. + 2 s"]
[WhiteFideId "23719869"]
[BlackFideId "321575"]
[WhiteElo "1848"]
[BlackElo "2195"]

1. d4 d5 2. Bf4 Nf6 3. e3 c5 4.
c3 Nc6 5. Nf3 Qb6 6. Qc2 Bf5 7. Qb3 c4 8. Qxb6 axb6 9. Nbd2 b5 10. Be2 b4 11. O-O bxc3 12. bxc3 h6 13. Be5 Nd7 14.
Bg3 e6 15. Nh4 Bh7 16. Nhf3 b5 17. Rfc1 Be7 18. Re1 Nb6 19. Ne5 Nxe5 20. Bxe5 f6 21. Bg3 Na4 22. Bg4 Kf7 23. Bh5+ g6 24.
Bf3 Nxc3 25. Rec1 b4 26. a3 Rhc8 27. axb4 Bxb4 28. Rxa8 Rxa8 29. h3 g5 30. Bh5+ Ke7 31. Bf3 Ra2 32.
Nf1 Be4 33. Bxe4 Ne2+ 34. Kh2 Nxc1 35. Bb1 Ra1 36. Bg6 f5 37. Be5 Nd3 38. Ng3 Nxf2 39. Nh5 Bd6 40. Bxd6+ Kxd6 41. Bf7 Ne4 42.
Bg6 c3 43. g4 fxg4 44. Bxe4 dxe4 45.
Ng3 c2 46. Nxe4+ Ke7 47. hxg4 c1=Q 48.
Ng3 Qxe3 49. d5 Ra2+ 50. Kh3 Ra3 51. dxe6 Qxg3# 0-1

[Event "MČR v bleskovém šachu družstev 2019"]
[Site "Teplice, Czech Republic"]
[Date "2019.09.14"]
[Round "4.21"]
[White "Babicka, Michal"]
[Black "Sykora, Ondrej"]
[Result "0-1"]
[TimeControl "3 mim. + 2 s"]
[WhiteElo "2076"]
[BlackElo "2122"]

1. e4 e5 2. Nf3 Nc6 3. d4 exd4 4. Bc4 Bc5 5. c3 Nf6 6. e5 d5 7. Bb5 Ne4 8. cxd4 Bb6 9. O-O O-O 10. Bxc6 bxc6 11. Nc3 f6 12. a4 a5 13. exf6 Qxf6 14. Be3 Bg4 15. Kh1 Bxf3 16.
Qxf3 Qxf3 17. gxf3 Rxf3 18. Nxe4 dxe4 19.
Rac1 Raf8 20. Rg1 R8f6 21. Rg4 Re6 22.
Kg2 Rf5 23. h4 Kf7 24. d5 Rxd5 25. Bxb6 cxb6 26. Rc3 g6 27.
Rb3 b5 28. axb5 cxb5 29. Rc3 Kf6 30.
Rc7 h6 31. Rb7 a4 32. Kg3 Rf5 33. Kg2 g5 34. h5 Rc5 35. Rg3 Rc2 36. Re3 Rxb2 37. Rc3 b4 38. Rcc7 a3 39. Rf7+ Ke5 40. Rb5+ Kd4 41. Rfb7 Kc4 42. Ra5 a2 0-1

[Event "MČR v bleskovém šachu družstev 2019"]
[Site "Teplice, Czech Republic"]
[Date "2019.09.14"]
[Round "4.22"]
[White "Hacha, Ales"]
[Black "Mach, Petr"]
[Result "1-0"]
[TimeControl "3 mim. + 2 s"]
[WhiteElo "2065"]
[BlackElo "1961"]

1. c4 c5 2. Nf3 Nc6 3.
g3 g6 4. Bg2 Bg7 5. O-O e5 6. Nc3 d6 7. e3 Nge7 8. a3 O-O 9. Rb1 a5 10. Nb5 Be6 11. b3 d5 12. cxd5 Nxd5 13.
Bb2 Qb6 14. a4 h6 15. d4 cxd4 16. exd4 exd4 17.
Nfxd4 Nxd4 18. Bxd4 Bxd4 19. Qxd4 Qxd4 20. Nxd4 Rac8 21. Rb2 b6 22. Re1 Rfe8 23. h3 Nb4 24. Nxe6 fxe6 25. Re3 Rc1+ 26. Kh2 Nc2 27. Rc3 Rf8 28. Rcxc2 Re1 29. Re2 Rc1 30. Rxe6 Kg7 31. Be4 Rd8 32. Rxg6+ Kf7 33. Rg4 Rdd1 34. Rf4+ Ke6 35. Re2 Kd6 36. Rf6+ Kc5 37. Rc6+ Kb4 38. Rxc1 Rxc1 39. Bd5 Rd1 40. Bc4 Rc1 41. Kg2 Rxc4 42.
bxc4 Kxc4 43. Re6 Kb4 44. Rxb6+ Kxa4 45. Rxh6 Kb3 46. Ra6 a4 47. Rxa4 Kxa4 48. h4 1-0

[Event "MČR v bleskovém šachu družstev 2019"]
[Site "Teplice, Czech Republic"]
[Date "2019.09.14"]
[Round "4.23"]
[White "Popper, Tomas"]
[Black "Zima, Jan"]
[Result "1-0"]
[TimeControl "3 mim. + 2 s"]
[WhiteElo "2088"]
[BlackElo "2048"]

1. Nf3 Nf6 2. b4 g6 3. Bb2 Bg7 4. e3 O-O 5. d4 d5 6. Be2 b6 7. b5 a6 8. a4 axb5 9. axb5 Rxa1 10. Bxa1 Bf5 11. Nbd2 c5 12. bxc6 Nxc6 13. O-O Qc7 14. c4 e6 15. Qb3 Na5 16. Qb4 Rc8 17. cxd5 exd5 18. h3 Bf8 19. Qb5 Bd7 20. Qb1 Nc4 21.
Bd3 b5 22. Nb3 Qb7 23. Nc5 Qc6 24. Nxd7 Nxd7 25. Ne5 Ndxe5
26. dxe5 Qd7 27. Bd4 Rb8 28. f4 Bg7 29. Kh2 b4 30.
Qb3 Qc6 31. Rc1 Qa6 32. Rc2 Na3 33.
Bxa6 1-0

[Event "MČR v bleskovém šachu družstev 2019"]
[Site "Teplice, Czech Republic"]
[Date "2019.09.14"]
[Round "4.24"]
[White "Broucek, Tomas"]
[Black "Ocelak, Jakub"]
[Result "1/2-1/2"]
[TimeControl "3 mim. + 2 s"]
[WhiteElo "2044"]
[BlackElo "1705"]

1. d4 e6 2. Nf3 f5 3. e3 d5 4. Nbd2 Nf6 5. Ne5 Nbd7 6. f4 Bd6 7. Ndf3 c6 8. Bd3 Ne4 9. O-O O-O 10.
c3 Ndf6 11. Qc2 Bd7 12. b3 Be8 13. a4 Qe7 14. a5 Rc8 15. c4 Bh5 16. c5 Bc7 17. a6 Bxe5 18. fxe5 Ng4 19. axb7 Rb8 20.
Rxa7 Rxb7 21. Rxb7 Qxb7 22. h3 Nh6 23. Bxe4 fxe4 24. Ng5 Rxf1+ 25. Kxf1 Bf7 26. Bd2 Qb5+ 27. Kf2 Nf5 28. Nxf7 Kxf7 29. Qa2 Ne7 30. Qc2 Ng6 31. g3 Ne7 32.
Bc3 h6 33. Qe2 Kg8 34. Qxb5 cxb5 35. Ba5 Nc6 36. b4 Kf7 37. g4 Ke8 38. Ke2 Kd7 39. Kd2 Kc8 40. Kc3 Kb7 41. Bb6 Ne7 42. Bd8 Nc6 43. Bh4 g5 44. Bg3 Ne7 45. h4 Ng6 46. hxg5 hxg5 47. Kb3 Kc6 48. Kc3 Nf8 49. Kb3 1/2-1/2

[Event "MČR v bleskovém šachu družstev 2019"]
[Site "Teplice, Czech Republic"]
[Date "2019.09.14"]
[Round "4.25"]
[White "Soural, Jan"]
[Black "Bach, Markus"]
[Result "0-1"]
[TimeControl "3 mim. + 2 s"]
[WhiteFideId "311928"]
[BlackFideId "24603376"]
[WhiteElo "2107"]
[BlackElo "2259"]

1. d4 d5 2. c4 c6 3. Nf3 e6 4. g3 Nf6 5. Bg2 Be7 6. O-O O-O 7. Qc2 b6 8. Nbd2 Bb7 9. e4 dxe4 10.
Nxe4 Nbd7 11. Ne5 Qc8 12. Bg5 Re8 13.
Bxf6 Nxf6 14. Ng5 Rf8 15. Bh3 h6 16. Ngxf7 Rxf7 17. Nxf7 Kxf7 18. Rae1 Kf8 19. Rxe6 Qd8 20. Rfe1 Bc8 21.
Rxe7 Bxh3 22. Qg6 Qxe7 23. Rxe7 Kxe7 24. Qxg7+ Ke6 25. d5+ cxd5 26. cxd5+ Kf5 27. f3 h5 28. d6 Rc8 29. d7 Rd8 30. Kf2 Rxd7 31. f4 Rxg7 0-1

[Event "MČR v bleskovém šachu družstev 2019"]
[Site "Teplice, Czech Republic"]
[Date "2019.09.14"]
[Round "4.26"]
[White "Buchcar, Tomas"]
[Black "Vokoun, Jan"]
[Result "1-0"]
[TimeControl "3 mim. + 2 s"]
[BlackTitle "FM"]
[WhiteFideId "328421"]
[BlackFideId "301647"]
[WhiteElo "2145"]
[BlackElo "2123"]

1. c4 c5 2. g3 Nf6 3. Bg2 Nc6 4. Nc3 g6 5. Rb1 Bg7 6. a3 a5 7. e3 O-O 8. Nge2 e6 9. O-O h5 10. d4 cxd4 11. exd4 d5 12.
c5 h4 13. Bg5 hxg3 14. hxg3 Qe8 15. Nb5 e5 16. Nc7 Qd7 17. Nxa8 Qg4 18. Bxf6 Bxf6 19. Nb6 Bf5 20. Nxd5 Bg7 21.
Ne3 Qg5 22. Nxf5 Qxf5 23. d5 Nd4 24. Nxd4 exd4 25. Qf3 Qc2 26. c6 bxc6 27. dxc6 d3 28. b4 axb4 29. axb4 d2 30. b5 Bd4 31. b6 Bxb6 32. Rxb6 Rd8 33.
Qd1 Qc5 34. Rb2 Qc3 35. Rc2 Qd4 36. c7 Rc8 37. Bh3 Ra8 1-0

[Event "MČR v bleskovém šachu družstev 2019"]
[Site "Teplice, Czech Republic"]
[Date "2019.09.14"]
[Round "4.27"]
[White "Postupa, Martin"]
[Black "Tresnak, Filip"]
[Result "1-0"]
[TimeControl "3 mim. + 2 s"]
[WhiteFideId "325210"]
[BlackFideId "333905"]
[WhiteElo "1958"]
[BlackElo "1931"]

1. e4 c6 2. d4 d5 3. e5 Bf5 4. c3 e6 5. h3 Qb6 6. Bd3 Bxd3 7. Qxd3 c5 8.
Nf3 Nc6 9. O-O Rc8 10. dxc5 Bxc5 11. b4 Be7 12. Be3 Qc7 13. Bd4 a6 14. a4 Nh6 15. b5 axb5 16. axb5 Na5 17. Nbd2 Nf5 18. b6 Qc6 19. Rxa5 O-O 20. g4 Nxd4 21. cxd4 Qxb6 22. Rb5 Qa6 23. Rfb1 Rc7 24. Qb3 Rb8 25. Kg2 b6 26. Ne1 Bg5 27.
Ndf3 1-0

[Event "MČR v bleskovém šachu družstev 2019"]
[Site "Teplice, Czech Republic"]
[Date "2019.09.14"]
[Round "4.28"]
[White "Prudek, Jiri"]
[Black "Krouzel, Jaroslav"]
[Result "0-1"]
[TimeControl "3 mim. + 2 s"]
[WhiteFideId "327310"]
[BlackFideId "301566"]
[WhiteElo "1962"]
[BlackElo "2086"]

1. e4 e6 2. d4 d5 3.
Nc3 Bb4 4. e5 c5 5. a3 Bxc3+ 6. bxc3 Ne7 7.
Bd3 Nbc6 8. Nf3 Qa5 9. Bd2 c4 10. Be2 Bd7 11. O-O O-O-O 12. Qb1 Qc7 13. a4 f5 14. a5 h6 15. a6 b6 16. Qa2 g5 17. Qa3 Ng6 18.
g3 g4 19. Ne1 f4 20. gxf4 h5 21. Qd6 Qxd6 22. exd6 Be8 23. Ng2 Rxd6 24. f3 gxf3 25.
Bxf3 Nce7 26. Rae1 Nf5 27. Re2 Kd7 28.
Ne3 Ngh4 29. Nxf5 Nxf5 30. Kf2 b5 31. Re5 Bg6 32. Ra1 Rb8 33. Ree1 Rbb6 34. Ra5 Nh4 35. Bd1 Nf5 36. Be2 Kc7 37. Rb1 Be8 38. Bf3 Rxa6 39.
Rxa6 Rxa6 40. Be1 Ra2 41. Bd1 Nd6 42. Kf3 Ne4 43. Kg2 a5 44. Kh3 Ra3 45. Kh4 Nxc3 46. Bxc3 Rxc3 47. h3 b4 48. Kg5 Ba4 49. Rb2 Rxh3 50.
Kf6 Rh1 51. Bf3 Re1 52. Bxh5 Kb6 53.
Bf7 Bd7 54. Ke7 Bc8 55. Kd6 Re4 56. f5 Rxd4 57. fxe6 Bb7 58. e7 Bc6 59. e8=Q Bxe8 60. Bxe8 Rd2 61. Bg6 b3 62. Bf5 a4 63. Rb1 Kb5 64. cxb3 axb3 65.
Bd7+ Kb4 66. Bc6 d4 67.
Kd5 c3 68. Kd6 c2 69. Rc1 b2 70. Rh1 c1=Q 71.
Rh4 Qc5+ 72. Kd7 Rf2 0-1